 Dungeon Sprint DCSS version 0.22-a0-40-g3d2f077 (webtiles) character file.

126 Faca the Fighter (level 5, -11/63 HPs)
             Began as an Ogre Monk on Jan 4, 2018.
             Was a Believer of Cheibriados.
             Mangled by a two-headed ogre
             ... wielding a +2 dire flail of crushing
              (15 damage)
             ... in the Dungeon (Sprint IX: "|||||||||||||||||||||||||||||").
             The game lasted 00:01:53 (435 turns).

Faca the Fighter (Ogre Monk)                         Turns: 435, Time: 00:01:54

Health: -11/63     AC: 10    Str: 22    XL:     5   Next: 9%
Magic:  5/5        EV: 13    Int: 18    God:    Cheibriados [**....]
Gold:   0          SH:  0    Dex: 16    Spells: 4/4 levels left

rFire    . . .     SeeInvis .   m - +2 morningstar (protect)
rCold    . . .     Gourm    .   (no shield)
rNeg     . . .     Faith    .   b - +0 robe
rPois    .         Spirit   .   (helmet restricted)
rElec    .         Reflect  .   (no cloak)
rCorr    .         Harm     .   (gloves unavailable)
MR       .....     NoTele   +   (boots unavailable)
Stlth    ++........             (no amulet)
HPRegen  0.20/turn              n - +3 ring of strength
MPRegen  0.09/turn              o - +3 ring of intelligence

@: protection aura, very slow
A: large, unfitting armour, tough skin 1
a: Bend Time, Renounce Religion


You were in the Dungeon.
You worshipped Cheibriados.
Cheibriados was pleased with you.
You were not hungry.

You visited 1 branch

Inventory:

Hand Weapons
 m - a +2 morningstar of protection (weapon)
Armour
 b - a +0 robe (worn)
Jewellery
 n - a +3 ring of strength (left hand)
 o - a +3 ring of intelligence (right hand)
Wands
 l - a wand of iceblast (10)
Scrolls
 i - 2 scrolls of blinking
 j - 3 scrolls of remove curse
 k - 2 scrolls of amnesia
Potions
 d - 5 potions of curing
 e - 3 potions of heal wounds
 f - a potion of haste
 g - 4 potions of magic
 h - a potion of invisibility
Comestibles
 c - a ration


   Skills:
 + Level 8.2 Fighting
 * Level 6.0 Maces & Flails
 + Level 5.3 Dodging
 - Level 1.9 Stealth


You had 4 spell levels left.
You didn't know any spells.

Dungeon Overview and Level Annotations

Branches:
Dungeon (1/1)

Altars:
Cheibriados
Dithmenos
Elyvilon
Fedhas
Gozag
Hepliaklqana
Kikubaaqudgha
Makhleb
Nemelex Xobeh
Okawaru
Qazlal
Ru
Sif Muna
Trog
Uskayaw
Vehumet
Wu Jian
Xom
Yredelemnul
Zin
The Shining One
Beogh
Jiyva
Lugonu


Innate Abilities, Weirdness & Mutations

You are too large for most types of armour.
You have tough skin. (AC +1)


Message History

You bludgeon the two-headed ogre!!
The two-headed ogre is severely wounded.
The two-headed ogre hits you with a dire flail of crushing!
* * * LOW HITPOINT WARNING * * *
x2 The two-headed ogre hits you with a dire flail.
* * * LOW HITPOINT WARNING * * *
You hit the two-headed ogre.
The two-headed ogre is severely wounded.
The two-headed ogre misses you.
The two-headed ogre hits you with a dire flail.
* * * LOW HITPOINT WARNING * * *
You puncture the two-headed ogre!
The two-headed ogre is almost dead.
The two-headed ogre completely misses you.
The two-headed ogre hits you with a dire flail.
* * * LOW HITPOINT WARNING * * *
You hit the two-headed ogre.
The two-headed ogre is almost dead.
The two-headed ogre hits you with a dire flail of crushing!
You die...

▓.▓
▓.▓
▓|▓
▓)▓
▓[▓
▓[▓
▓[▓
▓.▓
▓@▓
▓O▓
▓o▓
▓O▓
▓c▓
▓Z▓
▓O▓
▓.▓


You could see a two-headed ogre, an orc warrior, 2 ogres, a centaur and an adder
skeleton.

Vanquished Creatures
  2 crimson imps (D)
  An iguana (D)
  A worker ant (D)
  An ooze (D)
  A bat (D)
  A hobgoblin (D)
  A frilled lizard (D)
  A leopard gecko zombie (D)
  A rat (D)
10 creatures vanquished.

Notes
Turn   | Place    | Note
-------+----------+-------------------------------------------
     0 | D        | Faca the Ogre Monk began the quest for the Orb.
     0 | D        | Reached XP level 1. HP: 24/24 MP: 1/1
    14 | D        | Reached skill level 5 in Fighting
    14 | D        | Reached XP level 2. HP: 30/35 MP: 2/2
    59 | D        | Noticed a crimson imp
    59 | D        | Noticed a crimson imp
    66 | D        | Reached skill level 6 in Fighting
    66 | D        | Reached XP level 3. HP: 45/45 MP: 3/3
    69 | D        | Reached skill level 7 in Fighting
    69 | D        | Reached XP level 4. HP: 55/55 MP: 4/4
   107 | D        | Reached skill level 5 in Maces & Flails
   146 | D        | Reached skill level 8 in Fighting
   146 | D        | Reached skill level 5 in Dodging
   146 | D        | Reached XP level 5. HP: 15/63 MP: 5/5
   148 | D        | Found a roughly hewn altar of Beogh.
   148 | D        | Found a snail-covered altar of Cheibriados.
   148 | D        | Found a shadowy altar of Dithmenos.
   148 | D        | Found a white marble altar of Elyvilon.
   148 | D        | Found a blossoming altar of Fedhas.
   148 | D        | Found an opulent altar of Gozag.
   149 | D        | Found a hazy altar of Hepliaklqana.
   150 | D        | Found a viscous altar of Jiyva.
   151 | D        | Found an ancient bone altar of Kikubaaqudgha.
   385 | D        | Became a worshipper of Cheibriados the Contemplative
   385 | D        | Reached * piety under Cheibriados
   385 | D        | Reached ** piety under Cheibriados
   386 | D        | Found a corrupted altar of Lugonu.
   387 | D        | Found a burning altar of Makhleb.
   388 | D        | Found a sparkling altar of Nemelex Xobeh.
   389 | D        | Found an iron altar of Okawaru.
   390 | D        | Found a stormy altar of Qazlal.
   391 | D        | Found a sacrificial altar of Ru.
   392 | D        | Found a deep blue altar of Sif Muna.
   393 | D        | Found a bloodstained altar of Trog.
   394 | D        | Found a hide-covered altar of Uskayaw.
   395 | D        | Found a radiant altar of Vehumet.
   396 | D        | Found an ornate altar of the Wu Jian Council.
   397 | D        | Found a shimmering altar of Xom.
   398 | D        | Found a basalt altar of Yredelemnul.
   399 | D        | Found a glowing silver altar of Zin.
   400 | D        | Found a glowing golden altar of the Shining One.
   429 | D        | Noticed a two-headed ogre
   429 | D        | Noticed an orc warrior
   429 | D        | Noticed an ogre
   429 | D        | Noticed a centaur
   429 | D        | Noticed an ogre
   434 | D        | HP: 3/63 [two-headed ogre/dire flail of crushing (2)]
   435 | D        | Mangled by a two-headed ogre

Vault maps used:
D:        linesprint

Skill      XL: |  1  2  3  4 |
---------------+-------------+-----
Maces & Flails | 3 4 6 |  6.0
Dodging        | 3 4 5 |  5.3
Fighting       | 5 6 7 8 |  8.2
Stealth        | |  1.9

Action                   |  1- 3 |  4- 6 || total
-------------------------+-------+-------++-------
Melee: Mace              |    19 |    58 ||    77
       Morningstar       |       |     6 ||     6
  Use: Potion            |     1 |       ||     1
Armor: Robe              |     4 |    17 ||    21
Dodge: Dodged            |    10 |    34 ||    44

Table legend:
 A = Spawn XP
 B = Non-spawn XP
 C = Spawn XP percentage of total XP
 D = Spawn monster count
 E = Non-spawn monster count
 F = Spawn count percentage of total count
 G = Total turns spent on level
                    A         B        C        D         E        F      G
               +---------+---------+-------+---------+---------+-------+---------
         Total |       0 |     180 |   0.0 |       0 |      10 |   0.0 |   435
               +---------+---------+-------+---------+---------+-------+---------
             D |       0 |     180 |   0.0 |       0 |      10 |   0.0 |   435
               +---------+---------+-------+---------+---------+-------+---------
